 Dungeon Crawl Stone Soup version 0.19.0-19-g8c6edcc (webtiles) character file.

60 Chiseanne the Skirmisher (level 3, -4/30 HPs)
             Began as a Demonspawn Hunter on Nov 12, 2016.
             Slain by a gnoll
             ... wielding a +0 halberd
              (14 damage)
             ... on level 2 of the Dungeon.
             The game lasted 00:01:50 (1511 turns).

Chiseanne the Skirmisher (Demonspawn Hunter)        Turns: 1511, Time: 00:01:51

Health: -4/30      AC:  6    Str: 13    XL:     3   Next: 82%
Magic:  0/3        EV: 11    Int: 12    God:
Gold:   93         SH:  0    Dex: 13    Spells: 0 memorised, 2 levels left

rFire  . . .     SeeInvis .     r - +0 long sword
rCold  . . .     Gourm    .     u - +0 ring mail
rNeg   . . .     Faith    .     (no shield)
rPois  .         Spirit   +     (no helmet)
rElec  .         Reflect  .     p - +0 cloak
rCorr  .         Harm     .     (no gloves)
MR     .....                    (no boots)
Stlth  +.........               h - amulet of guardian spirit
                                (no ring)
                                (no ring)

@: no status effects
A: hooves 1, spiny 1
a: no special abilities


You were on level 2 of the Dungeon.
You were not hungry.

You visited 1 branch of the dungeon, and saw 2 of its levels.

You collected 93 gold pieces.

Inventory:

Hand Weapons
 r - a +0 long sword (weapon)
Missiles
 c - 2 javelins (quivered)
 e - 2 tomahawks
 i - 47 stones
 s - 3 needles of confusion
 t - 8 needles of sleeping
Armour
 p - a +0 cloak (worn)
 u - a +0 ring mail (worn)
Jewellery
 h - an amulet of guardian spirit (around neck)
Wands
 n - a wand of acid (6/15)
Scrolls
 a - 2 scrolls of identify {unknown}
 j - a scroll of teleportation {unknown}
 k - a scroll of recharging {unknown}
 l - a scroll of blinking {unknown}
 m - a scroll of remove curse {unknown}
 q - a scroll of amnesia {unknown}
Potions
 g - 3 potions of curing {unknown}
Comestibles
 f - a bread ration
 o - a meat ration


   Skills:
 * Level 3.7 Fighting
 * Level 1.0 Long Blades
 - Level 3.6 Throwing
 * Level 0.6 Armour
 - Level 1.7 Dodging
 - Level 0.8 Stealth


You had 2 spell levels left.
You didn't know any spells.

Dungeon Overview and Level Annotations

Branches:
Dungeon (2/15)

Altars:


Innate Abilities, Weirdness & Mutations

You have large cloven feet.
You are partially covered in sharp spines.


Message History

You hit the gnoll.
You kill the gnoll!
The gnoll barely misses you. The gnoll barely misses you.
You riposte.
You hit the gnoll but do no damage. Your kick misses the gnoll.
The gnoll hits you from afar with a spear.
Things that are here:
a halberd; a throwing net; a javelin Throwing (i - inventory. (,) - cycle):
d - a throwing net (quivered)
Press: ? - help, Shift-Dir - straight line, f - gnoll
Aim: a gnoll, wielding a halberd You throw a throwing net.
The throwing net barely misses the gnoll.
The throwing net hits the gnoll.
The gnoll is caught in the net!
You hit the gnoll. You kick the gnoll, but do no damage.
The gnoll is heavily wounded.
The gnoll struggles against the net.
The gnoll is struck by your spines. The gnoll barely misses you.
The gnoll struggles against the net.
The gnoll hits you with a halberd!
You die...

#.####.##
#†###.#.#
##########....###.
#..[...........#.#
#.########.##.#.##
#.# #.##.#.## #.#
#.##.#.## #)#
#.##.#.## #@#
..##.#.## #g#
.....#.## #g#
####.#.## #(# #.##
#.# #.## #.# #...
#.. #### ### # #


You could see 2 gnolls.

Vanquished Creatures
  2 gnolls (D:2)
  An adder (D:2)
  2 dart slugs (D:1)
  2 leopard geckos (D:2)
  4 bats (D:2)
  A giant cockroach (D:2)
  5 goblins
  A hobgoblin (D:2)
  2 frilled lizards (D:1)
  3 kobolds
  4 rats
27 creatures vanquished.

Notes
Turn   | Place    | Note
-------+----------+-------------------------------------------
     0 | D:1      | Chiseanne the Demonspawn Hunter began the quest for the Orb.
     0 | D:1      | Reached XP level 1. HP: 16/16 MP: 1/1
   482 | D:1      | Gained mutation: You have large cloven feet. [demonic ancestry]
   482 | D:1      | Reached XP level 2. HP: 19/23 MP: 2/2
  1161 | D:2      | Gained mutation: You are partially covered in sharp spines. [demonic ancestry]
  1161 | D:2      | Reached XP level 3. HP: 24/29 MP: 3/3
  1504 | D:2      | Reached skill level 1 in Long Blades
  1511 | D:2      | Slain by a gnoll

Skill      XL: |  1  2  3 |
---------------+----------+-----
Fighting       | 3 |  3.7
Long Blades    | 1 |  1.0
Throwing       | |  3.6
Armour         | |  0.6
Dodging        | |  1.7
Stealth        | |  0.8

Action                   || total
-------------------------++-------
Melee: Short sword       ||    76
       Kick              ||    16
       Long sword        ||    15
Throw: Javelin           ||     7
       Throwing net      ||     2
 Stab: Sleeping          ||     1
  Eat: Chunk             ||     2
Armor: Leather armour    ||    20
       Ring mail         ||     2
Dodge: Dodged            ||    61
       Rpst.: Long sword ||     5
